 Dungeon Crawl Stone Soup version 0.31-a0-196-g86fe4a5e66 (webtiles) character file.

Game seed: 753911813701654265

161 qw the Skirmisher (level 5, -3/29 HPs)
             Began as a Deep Elf Hunter on June 24, 2023.
             Slain by an orc
             ... wielding a +0 falchion
              (6 damage)
             ... on level 3 of the Dungeon.
             The game lasted 00:00:57 (2146 turns).

qw the Skirmisher (Deep Elf Hunter)                 Turns: 2146, Time: 00:00:57

Health: -3/29      AC:  7    Str: 10    XL:     5   Next: 19%
Magic:  7/7        EV: 11    Int: 14    God:
Gold:   68         SH:  0    Dex: 18    Spells: 4/4 levels left

rFire   . . .        Y - +0 shortbow
rCold   . . .        (shield currently unavailable)
rNeg    . . .        k - +0 ring mail
rPois   .            (no helmet)
rElec   .            e - +0 cloak
rCorr   .            (no gloves)
SInv    .            (no boots)
Will    .....        (no amulet)
Stlth   +            (no ring)
HPRegen 0.24/turn    (no ring)
MPRegen 0.10/turn

%: no passive effects
@: no status effects
A: shaggy fur 1
a: no special abilities


You were on level 3 of the Dungeon.
You visited 1 branch of the dungeon, and saw 3 of its levels.

You collected 104 gold pieces.
You spent 36 gold pieces at shops.


Innate Abilities, Weirdness & Mutations

You are covered in fur. (AC +1)


   Skills:
 - Level 1.5 Fighting
 + Level 8.6 Ranged Weapons
 - Level 2.4 Dodging
 - Level 1.2 Stealth


You had 4 spell levels left.
You didn't know any spells.
Your spell library was empty.

Inventory:

Hand Weapons
 Y - a +0 shortbow (weapon)
Armour
 e - a +0 cloak (worn)
 k - a +0 ring mail (worn)
Jewellery
 b - a +6 ring of strength
Scrolls
 a - a scroll of noise {unknown}
 c - a scroll of amnesia {unknown}
 g - a scroll of identify
 n - a scroll of vulnerability {unknown}
 o - 2 scrolls of teleportation {unknown}
Potions
 d - a potion of might {unknown}
 f - a potion of curing {unknown}
 h - 2 potions of mutation
 i - a potion of lignification {unknown}
 j - a potion of resistance {unknown}
 l - a potion of cancellation {unknown}
 m - a potion of haste {unknown}

Dungeon Overview and Level Annotations

Branches:
Dungeon (3/15)

Altars:
Sif Muna

Shops:
D:1 *


Message History

Enter note:
Enter note:
Enter note:
Enter note: You shoot an arrow.
The arrow closely misses the orc priest.
The orc priest mumbles some strange prayers to Beogh against you.
Beogh smites you!
You shoot an arrow. The arrow hits the orc priest.
The orc priest is lightly wounded.
You shoot an arrow.
The arrow hits the orc priest but does no damage.
You shoot an arrow.
The arrow hits the orc priest but does no damage.
An orc comes into view. It is wielding a +0 falchion.
You shoot an arrow. The arrow barely misses the orc priest.
You shoot an arrow. The arrow barely misses the orc priest.
The orc priest looks satisfied for a moment.
An orc comes into view. It is wielding a +0 hand axe.
You shoot an arrow. The arrow barely misses the orc priest.
The orc shouts!
The orc priest mumbles some strange prayers to Beogh against you.
Beogh smites you!
You shoot an arrow. The arrow hits the orc priest!
The orc priest is heavily wounded.
You shoot an arrow. The arrow hits the orc.
The orc is lightly wounded.
You shoot an arrow. The arrow hits the orc priest.
The orc priest is severely wounded.
You shoot an arrow.
The arrow hits the orc priest but does no damage.
The orc priest is severely wounded.
The orc closely misses you.
You shoot an arrow.
The arrow closely misses the orc priest.
The orc closely misses you. The orc priest barely misses you.
The orc hits you with a +0 hand axe.
You shoot an arrow. The arrow barely misses the orc priest.
The orc hits you with a +0 falchion.
You die...

..........................
###...
##..##.........#........##
....##.#....##.##.......#
............##.##.......#
.......#....##.##.......#
....####....##.##.>.....#
##..####....##.#.#.#+##.#
................oo.......
............##..@o...)..
.....................#..
....................^...
##..##.###..##.#.#.###..
#..##.###..##.#...# .
#..........##.#.#.#
###.##.###..##.#.# #
....##.# # ... ..........


You could see an orc priest and 2 orcs.

Vanquished Creatures
  An orc wizard (D:3)
  5 adders
  A worm (D:2)
  4 dart slugs
  9 orcs
  4 ball pythons
  6 bats
  7 endoplasms
  2 giant cockroaches
  6 goblins
  3 hobgoblins
  6 jackals (D:1)
  2 quokkas (D:1)
  4 frilled lizards
  4 kobolds
  5 rats
69 creatures vanquished.

Notes
Turn   | Place    | Note
-------+----------+-------------------------------------------
     0 | D:1      | qw the Deep Elf Hunter began the quest for the Orb.
     0 | D:1      | Reached XP level 1. HP: 12/12 MP: 3/3
     0 | D:1      | 0 ||| qw: Version: 0.3-a-9-g12657ce
     0 | D:1      | 0 ||| qw: Game counter: 4795
     0 | D:1      | 0 ||| qw: Always use a shield: true
     0 | D:1      | 0 ||| qw: God list: Okawaru
     0 | D:1      | 0 ||| qw: Allow faded altars: false
     0 | D:1      | 0 ||| qw: Do Orc after D:15 true
     0 | D:1      | 0 ||| qw: Do second Lair branch before Depths: true
     0 | D:1      | 0 ||| qw: Lair rune preference: random
     0 | D:1      | 0 ||| qw: Plans: Normal
     0 | D:1      | 0 ||| PLANNING D:1-11
   118 | D:1      | Reached skill level 6 in Ranged Weapons
   118 | D:1      | Reached XP level 2. HP: 16/16 MP: 4/4
   267 | D:1      | Found Jeoqam's Assorted Antiques.
   272 | D:1      | 272 ||| SHOPLISTING scale mail (72 gold, have 56).
   272 | D:1      | 272 ||| BUYING scroll labelled MEOSUENISCH (18 gold).
   272 | D:1      | Bought a scroll labelled MEOSUENISCH for 18 gold pieces
   272 | D:1      | 272 ||| BUYING scroll labelled VEOPNU ACEIF (18 gold).
   272 | D:1      | Bought a scroll labelled VEOPNU ACEIF for 18 gold pieces
   305 | D:1      | 305 ||| FLEEEEING.
   311 | D:1      | 311 ||| FLEEEEING.
   312 | D:1      | 312 ||| FLEEEEING.
   356 | D:1      | Reached XP level 3. HP: 20/20 MP: 5/5
   925 | D:1      | 925 ||| UPGRADING to +0 cloak.
   930 | D:1      | 930 ||| READING 2 scrolls labelled WIURIME ZOCYU.
   931 | D:1      | 931 ||| READING 2 scrolls labelled VEOPNU ACEIF.
   932 | D:1      | 932 ||| READING scroll labelled MEOSUENISCH.
   933 | D:1      | 933 ||| DRINKING 2 orange potions.
   933 | D:1      | Gained mutation: You are covered in fur. (AC +1) [potion of
                  | mutation]
   934 | D:1      | 934 ||| DROPPING scroll of blinking.
   935 | D:1      | 935 ||| DROPPING scroll of butterflies.
  1069 | D:2      | Reached skill level 7 in Ranged Weapons
  1324 | D:2      | HP: 5/20 [orc/+0 short sword (2)]
  1328 | D:2      | Reached XP level 4. HP: 7/25 MP: 6/6
  1641 | D:2      | 1641 ||| UPGRADING to +0 ring mail.
  1651 | D:2      | 1651 ||| DROPPING +0 leather armour.
  1652 | D:2      | 1652 ||| READING scroll labelled OHIUTO AJOGG.
  1653 | D:2      | 1653 ||| READING 2 scrolls of identify.
  1653 | D:2      | 1653 ||| IDENTIFYING inky potion
  1654 | D:2      | 1654 ||| DROPPING potion of ambrosia.
  1766 | D:3      | Reached skill level 8 in Ranged Weapons
  1883 | D:3      | Found a shimmering blue altar of Sif Muna.
  1916 | D:3      | Reached XP level 5. HP: 23/29 MP: 7/7
  2140 | D:3      | HP: 6/29 [orc priest/divine providence (13)]
  2145 | D:3      | HP: 2/29 [orc/+0 hand axe (5)]
  2146 | D:3      | Slain by an orc

Levels and vault maps discovered:
D:1:      ncdulo_halloftheorcs, layout_basic, serial_shops, shop
D:2:      layout_loops_ring, minivault_26
D:3:      layout_basic, mainiacjoe_overflow_chevrons

Skill      XL: |  1  2  3  4 |
---------------+-------------+-----
Ranged Weapons | 6 7 8 |  8.6
Fighting       | |  1.5
Dodging        | |  2.4
Stealth        | |  1.2

Action                     |  1- 3 |  4- 6 || total
---------------------------+-------+-------++-------
   Fire: Shortbow          |   114 |   101 ||   215
    Use: Scroll            |     3 |     2 ||     5
         Potion            |     1 |       ||     1
 Armour: Leather armour    |    10 |       ||    10
         Ring mail         |       |     6 ||     6
  Dodge: Dodged            |    28 |    14 ||    42

Table legend:
 A = Non-vault XP
 B = Vault XP
 C = Vault XP percentage of total XP
 D = Non-vault monster count
 E = Vault monster count
 F = Vault count percentage of total count
                 A         B        C        D         E       F
            +---------+---------+-------+---------+---------+-------
      Total |     231 |       0 |   0.0 |      69 |       0 |   0.0
            +---------+---------+-------+---------+---------+-------
        D:1 |      55 |       0 |   0.0 |      29 |       0 |   0.0
        D:2 |      85 |       0 |   0.0 |      25 |       0 |   0.0
        D:3 |      91 |       0 |   0.0 |      15 |       0 |   0.0
            +---------+---------+-------+---------+---------+-------
